 Dungeon Crawl Stone Soup version 0.23.2-1-ga50397a6bc (webtiles) character file.

Game seed: 7713318097484873121

207 Cykl0x the Shield-Bearer (level 5, -1/47 HPs)
             Began as a Minotaur Fighter on May 25, 2019.
             Slain by Sigmund
             ... wielding a +0 scythe
              (7 damage)
             ... on level 3 of the Dungeon on May 26, 2019.
             The game lasted 00:06:50 (2113 turns).

Cykl0x the Shield-Bearer (Minotaur Fighter)         Turns: 2113, Time: 00:06:51

Health: -1/47      AC:  9    Str: 27    XL:     5   Next: 54%
Magic:  4/4        EV:  7    Int: 10    God:
Gold:   116        SH: 10    Dex:  9    Spells: 4/4 levels left

rFire    . . .     SeeInvis .   a - +0 war axe
rCold    . . .     Gourm    .   c - +0 shield
rNeg     . . .     Faith    .   g - +0 chain mail
rPois    .         Spirit   .   (helmet restricted)
rElec    .         Reflect  .   (no cloak)
rCorr    .         Harm     .   (no gloves)
MR       .....                  (no boots)
Stlth    ..........             (no amulet)
HPRegen  0.15/turn              (no ring)
MPRegen  0.09/turn              (no ring)

@: mighty, brilliant
A: retaliatory headbutt, horns 2
a: no special abilities


You were on level 3 of the Dungeon.
You were not hungry.

You visited 1 branch of the dungeon, and saw 3 of its levels.

You collected 116 gold pieces.

Inventory:

Hand Weapons
 a - a +0 war axe (weapon)
Missiles
 e - 87 stones (quivered)
Armour
 b - a +0 scale mail
 c - a +0 shield (worn)
 g - a +0 chain mail (worn)
Jewellery
 k - an uncursed ring of wizardry {unknown}
Potions
 h - a potion of haste
 j - a potion of degeneration {unknown}
Comestibles
 f - 3 rations
 l - 10 chunks of flesh


   Skills:
 + Level 4.3 Fighting
 + Level 4.2 Axes
 + Level 0.5 Throwing
 + Level 4.5 Armour
 * Level 1.6 Dodging
 + Level 5.0 Shields


You had 4 spell levels left.
You didn't know any spells.
Your spell library was empty.

Dungeon Overview and Level Annotations

Branches:
Dungeon (3/15)

Altars:
Gozag
Hepliaklqana

Annotations:
D:3 Sigmund


Innate Abilities, Weirdness & Mutations

You reflexively headbutt those who attack you in melee.
You have a pair of horns on your head.


Message History

Sigmund points at you and mumbles some strange words.
The magic dart hits you!
Found a stone staircase leading down.
Sigmund hits you with a +0 scythe!
You hit Sigmund.
Sigmund is lightly wounded.
The kobold throws a stone.
You block the stone. Sigmund hits you with a +0 scythe!
* * * LOW HITPOINT WARNING * * *
You slash Sigmund!
Sigmund is heavily wounded.
The frilled lizard barely misses you. You furiously retaliate!
You headbutt the frilled lizard!
You kill the frilled lizard!
It was a potion of brilliance.
You feel clever all of a sudden. Sigmund barely misses you.
You feel very mighty all of a sudden. Sigmund hits you with a +0 scythe!
You die...

...............
...............
.............. .
............# ..
............#...
.......K........
.......@........
.......@........
................
................
.......>........
..........##+###
..........#
...........
............
....###+#..


You could see Sigmund and a kobold.

Vanquished Creatures
  A crimson imp (D:2)
  An orc wizard (D:3)
  6 gnolls (D:2)
  2 adders (D:2)
  4 orcs (D:3)
  2 ball pythons (D:2)
  4 giant cockroaches
  4 hobgoblins
  5 jackals
  6 kobolds
  2 quokkas (D:2)
  7 bats
  4 frilled lizards
  15 goblins
  4 rats (D:1)
67 creatures vanquished.

Notes
Turn   | Place    | Note
-------+----------+-------------------------------------------
     0 | D:1      | Cykl0x the Minotaur Fighter began the quest for the Orb.
     0 | D:1      | Reached XP level 1. HP: 19/19 MP: 0/0
   303 | D:1      | Reached skill level 4 in Shields
   303 | D:1      | Reached XP level 2. HP: 27/27 MP: 1/1
  1052 | D:2      | Reached XP level 3. HP: 27/33 MP: 2/2
  1111 | D:2      | Reached XP level 4. HP: 11/40 MP: 3/3
  1575 | D:2      | Reached skill level 1 in Dodging
  1655 | D:2      | Found an opulent altar of Gozag.
  1823 | D:2      | Found a hazy altar of Hepliaklqana.
  1895 | D:2      | Reached XP level 5. HP: 44/46 MP: 4/4
  2059 | D:3      | Reached skill level 5 in Shields
  2108 | D:3      | Noticed Sigmund
  2113 | D:3      | Slain by Sigmund

Skill      XL: |  1  2  3  4  5 |
---------------+----------------+-----
Shields        | 4 5 |  5.0
Fighting       | 4 |  4.3
Armour         | 4 |  4.5
Axes           | 3 4 |  4.2
Dodging        | 1 |  1.6
Throwing       | |  0.5

Action                   |  1- 3 |  4- 6 || total
-------------------------+-------+-------++-------
Melee: War axe           |    95 |    94 ||   189
       Headbutt          |     8 |    15 ||    23
Throw: Stone             |    23 |       ||    23
  Use: Scroll            |     2 |     4 ||     6
       Potion            |       |     2 ||     2
  Eat: Chunk             |     1 |     3 ||     4
Armor: Scale mail        |    44 |     7 ||    51
       Chain mail        |       |    52 ||    52
Dodge: Dodged            |    25 |    29 ||    54
Block: Shield            |    63 |    72 ||   135
